 Dungeon Crawl Stone Soup version 0.29.1-2-gbd0b4ee654 (webtiles) character file.

Game seed: 6087449955369374144

2200 RUZZLEFAZAZZLE the Shield-Bearer (level 9, 0/74 HPs)
             Began as a Gnoll Fighter on Nov 22, 2022.
             Slain by a wyvern (10 damage)
             ... on level 5 of the Dungeon.
             The game lasted 00:12:19 (6249 turns).

RUZZLEFAZAZZLE the Shield-Bearer (Gnoll Fighter)    Turns: 6249, Time: 00:12:20

Health: 0/74       AC: 14    Str: 19    XL:     9   Next: 34%
Magic:  15/15      EV: 11    Int:  8    God:
Gold:   227        SH:  6    Dex: 12    Spells: 16/16 levels left

rFire   . . .      SeeInvis .   a - +0 war axe
rCold   . . .      Faith    .   c - +0 buckler
rNeg    . . .      Spirit   .   b - +0 scale mail
rPois   .          Reflect  .   t - +0 helmet
rElec   .          Harm     .   i - +0 cloak
rCorr   .          Rampage  .   g - +0 pair of gloves
Will    .....                   s - +1 pair of boots
Stlth   +.........              (no amulet)
HPRegen 0.22/turn               (no ring)
MPRegen 0.14/turn               (no ring)

@: about to teleport
A: fangs 1, strong nose, distributed training
a: no special abilities


You were on level 5 of the Dungeon.
You visited 1 branch of the dungeon, and saw 5 of its levels.

You collected 227 gold pieces.

Inventory:

Hand Weapons
 a - a +0 war axe (weapon)
Missiles
 f - 6 silver javelins (quivered)
Armour
 b - a +0 scale mail (worn)
 c - a +0 buckler (worn)
 g - a +0 pair of gloves (worn)
 i - a +0 cloak (worn)
 s - a +1 pair of boots (worn)
 t - a +0 helmet (worn)
Wands
 l - a wand of mindburst (13)
Scrolls
 d - a scroll of teleportation
 k - 2 scrolls of vulnerability
Potions
 e - a potion of attraction
 j - a potion of magic {unknown}
 m - 2 potions of mutation {unknown}
 n - a potion of flight {unknown}
 o - a potion of berserk rage {unknown}
 p - a potion of resistance {unknown}
 q - a potion of degeneration {unknown}
 u - a potion of cancellation {unknown}


   Skills:
 + Level 7.9 Fighting
 + Level 4.3 Short Blades
 + Level 4.3 Long Blades
 + Level 6.3 Axes
 + Level 4.3 Maces & Flails
 + Level 4.3 Polearms
 + Level 4.3 Staves
 + Level 4.3 Ranged Weapons
 + Level 4.3 Throwing
 + Level 7.9 Armour
 + Level 4.3 Dodging
 + Level 4.3 Stealth
 + Level 7.9 Shields
 + Level 4.3 Unarmed Combat
 + Level 4.3 Spellcasting
 + Level 3.5 Conjurations
 + Level 3.5 Hexes
 + Level 3.5 Summonings
 + Level 3.5 Necromancy
 + Level 3.5 Translocations
 + Level 3.5 Transmutations
 + Level 3.5 Fire Magic
 + Level 3.5 Ice Magic
 + Level 3.5 Air Magic
 + Level 3.5 Earth Magic
 + Level 3.5 Poison Magic
 + Level 4.7 Invocations
 + Level 4.3 Evocations


You had 16 spell levels left.
You didn't know any spells.
Your spell library contained the following spells:

 Spells                   Type           Power      Damage    Failure   Level
 Portal Projectile        Hex/Tloc       14%        N/A       54%         3
 Tukima's Dance           Hex            7%         N/A       54%         3
 Blade Hands              Tmut           3%         N/A       99%         5


Dungeon Overview and Level Annotations

Branches:
Dungeon (5/15)
 Temple: D:4-7

Altars:
Hepliaklqana
Makhleb

Annotations:
D:1 1 transporter
D:5 Grinder


Innate Abilities, Weirdness & Mutations

You have very sharp teeth.
Your uncanny sense of smell can sniff out nearby items.
Your experience applies equally to all skills.


Message History

You hit the wyvern.
The wyvern is heavily wounded.
You closely miss Grinder. The wyvern bites you! Grinder gestures at you.
You resist with some effort. The wyvern barely misses you.
Grinder gestures at you. You resist with some effort.
You hit the wyvern.
The wyvern is heavily wounded.
You hit Grinder but do no damage. The wyvern closely misses you.
Grinder hits you.
You writhe in agony.
The wyvern bites you but does no damage.
You closely miss the wyvern. You bite the wyvern, but do no damage.
The wyvern is heavily wounded.
You slash Grinder! The wyvern closely misses you. Grinder closely misses you.
You barely miss the wyvern.
The wyvern is heavily wounded.
You hit Grinder. The wyvern misses you. You block Grinder's attack.
The wyvern bites you!
* * * LOW HITPOINT WARNING * * *
The wyvern attacks as you move away!
The wyvern bites you but does no damage.
You block the wyvern's attack.
Grinder blinks!
The wyvern barely misses you. The wyvern attacks as you move away!
The wyvern barely misses you. You block the wyvern's attack.
Okay, then.
The wyvern attacks as you move away! You block the wyvern's attack.
The wyvern bites you!
* * * LOW HITPOINT WARNING * * *
You block the wyvern's attack. The wyvern bites you!
* * * LOW HITPOINT WARNING * * *
You feel better. The wyvern bites you.
* * * LOW HITPOINT WARNING * * *
You block the wyvern's attack.
As you read the scroll of teleportation, it crumbles to dust.
You feel strangely unstable. The wyvern bites you!
You die...

#........# #.#.#######
#........###.#.#......
#.....................
###.........##.##.......
#......†....#..##.####.#
. #.#.....###.#.###(#
#.# .. #.#..>..#
#.#.###.# #.#
.###.#.....###.......#
#.#
.........@.####.#####
#.# #...#####l#
##.########.. #.##...#
#r###............
#....r.#
#......###..#.###
####.#.#
#.###..#......... #
#.#####5# #..#.#..#.##.
#...r...# #.......#....
######### #.......#..≈≈
####.#..#..≈.


You could see Grinder, a wyvern and a quokka.

Vanquished Creatures
  A two-headed ogre (D:5)
  The ghost of Shaithis the Chopper, an amateur HOBe of Trog (D:4)
  Sigmund (D:3)
  The ghost of peterlawrence the Covered, an amateur MiFi (D:4)
  3 black bears
  An orc warrior (D:5)
  2 ogres (D:4)
  2 phantoms (D:4)
  A necrophage (D:5)
  A scorpion (D:4)
  A hound (D:5)
  An iguana (D:5)
  An orc wizard (D:4)
  Robin (D:3)
  8 adders
  A shadow imp (D:5)
  A worm (D:5)
  A dart slug (D:3)
  11 orcs
  9 ball pythons
  5 bats
  9 endoplasms
  6 giant cockroaches
  20 goblins
  8 hobgoblins
  6 jackals
  3 quokkas
  3 frilled lizards
  5 kobolds
  8 rats
122 creatures vanquished.

Notes
Turn   | Place    | Note
-------+----------+-------------------------------------------
     0 | D:1      | RUZZLEFAZAZZLE the Gnoll Fighter began the quest for the
                  | Orb.
     0 | D:1      | Reached XP level 1. HP: 23/23 MP: 1/1
   164 | D:1      | Reached XP level 2. HP: 29/29 MP: 2/2
   288 | D:1      | Reached XP level 3. HP: 30/35 MP: 3/3
   453 | D:1      | Reached skill level 1 in Invocations
  1077 | D:2      | Reached skill level 1 in Short Blades
  1077 | D:2      | Reached skill level 1 in Long Blades
  1077 | D:2      | Reached skill level 1 in Maces & Flails
  1077 | D:2      | Reached skill level 1 in Polearms
  1077 | D:2      | Reached skill level 1 in Staves
  1077 | D:2      | Reached skill level 1 in Ranged Weapons
  1077 | D:2      | Reached skill level 1 in Throwing
  1077 | D:2      | Reached skill level 1 in Dodging
  1077 | D:2      | Reached skill level 1 in Stealth
  1077 | D:2      | Reached skill level 1 in Unarmed Combat
  1077 | D:2      | Reached skill level 1 in Spellcasting
  1077 | D:2      | Reached skill level 1 in Evocations
  1190 | D:2      | Reached XP level 4. HP: 40/41 MP: 5/5
  1523 | D:2      | Reached skill level 1 in Conjurations
  1523 | D:2      | Reached skill level 1 in Hexes
  1523 | D:2      | Reached skill level 1 in Summonings
  1523 | D:2      | Reached skill level 1 in Necromancy
  1523 | D:2      | Reached skill level 1 in Translocations
  1523 | D:2      | Reached skill level 1 in Transmutations
  1523 | D:2      | Reached skill level 1 in Fire Magic
  1523 | D:2      | Reached skill level 1 in Ice Magic
  1523 | D:2      | Reached skill level 1 in Air Magic
  1523 | D:2      | Reached skill level 1 in Earth Magic
  1523 | D:2      | Reached skill level 1 in Poison Magic
  1948 | D:3      | Found a faded altar of an unknown god.
  2265 | D:3      | Reached XP level 5. HP: 47/47 MP: 7/7
  2329 | D:3      | Noticed Sigmund
  2753 | D:3      | Noticed Robin
  2774 | D:3      | Killed Robin
  3235 | D:3      | Killed Sigmund
  3236 | D:3      | Reached skill level 5 in Axes
  3236 | D:3      | Reached XP level 6. HP: 37/53 MP: 7/9
  3755 | D:4      | Reached XP level 7. HP: 25/60 MP: 10/10
  4273 | D:4      | Found a runed translucent gate.
  4285 | D:4      | Found a runed translucent gate.
  4343 | D:4      | Found a runed translucent gate.
  4344 | D:4      | Noticed peterlawrence's ghost (amateur MiFi)
  4344 | D:4      | Noticed Shaithis's ghost (amateur HOBe)
  4509 | D:4      | Reached XP level 8. HP: 62/67 MP: 12/12
  4886 | D:4      | Killed peterlawrence's ghost
  4888 | D:4      | Killed Shaithis's ghost
  5068 | D:5      | Entered Level 5 of the Dungeon
  5068 | D:5      | Found a burning altar of Makhleb.
  5389 | D:5      | Noticed a two-headed ogre
  5400 | D:5      | Killed a two-headed ogre
  5401 | D:5      | Reached XP level 9. HP: 16/74 MP: 13/15
  5893 | D:5      | Found a hazy altar of Hepliaklqana.
  6224 | D:5      | Noticed Grinder
  6246 | D:5      | HP: 2/74 [wyvern (14)]
  6249 | D:5      | Slain by a wyvern

Illustrated notes

Levels and vault maps discovered:
D:1:      spicycebolla_arrival_transporter_tutorial, layout_basic
D:2:      layout_loops_ring
D:3:      layout_basic, ebering_ecumenical_altar_rust,
          chequers_serial_rivers_micro_b, uniq_sigmund, uniq_robin
D:4:      layout_gridville, gammafunk_ghost_cemetery
D:5:      layout_loops_cross, mainiacjoe_overflow_catwalk_spiral,
          lemuel_blue_sif_altar, uniq_grinder

Skill      XL: |  1  2  3  4  5  6  7  8 |
---------------+-------------------------+-----
Invocations    | 1 2 3 4 |  4.7
Short Blades   | 1 2 3 4 |  4.3
Long Blades    | 1 2 3 4 |  4.3
Maces & Flails | 1 2 3 4 |  4.3
Polearms       | 1 2 3 4 |  4.3
Staves         | 1 2 3 4 |  4.3
Ranged Weapons | 1 2 3 4 |  4.3
Throwing       | 1 2 3 4 |  4.3
Dodging        | 1 2 3 4 |  4.3
Stealth        | 1 2 3 4 |  4.3
Unarmed Combat | 1 2 3 4 |  4.3
Spellcasting   | 1 2 3 4 |  4.3
Evocations     | 1 2 3 4 |  4.3
Conjurations   | 1 2 3 |  3.5
Hexes          | 1 2 3 |  3.5
Summonings     | 1 2 3 |  3.5
Necromancy     | 1 2 3 |  3.5
Translocations | 1 2 3 |  3.5
Transmutations | 1 2 3 |  3.5
Fire Magic     | 1 2 3 |  3.5
Ice Magic      | 1 2 3 |  3.5
Air Magic      | 1 2 3 |  3.5
Earth Magic    | 1 2 3 |  3.5
Poison Magic   | 1 2 3 |  3.5
Axes           | 5 6 |  6.3
Fighting       | 7 |  7.9
Armour         | 7 |  7.9
Shields        | 7 |  7.9

Action                   |  1- 3 |  4- 6 |  7- 9 || total
-------------------------+-------+-------+-------++-------
Melee: War axe           |    92 |   161 |   142 ||   395
       Bite              |     2 |    13 |    19 ||    34
Throw: Javelin           |     6 |     2 |       ||     8
Evoke: Wand              |       |       |     9 ||     9
  Use: Scroll            |       |     6 |     6 ||    12
       Potion            |       |     3 |     2 ||     5
Armor: Scale mail        |    47 |    82 |    96 ||   225
Dodge: Dodged            |    46 |    68 |    75 ||   189
Block: Buckler           |    35 |    47 |    34 ||   116
